 Dungeon Crawl Stone Soup version 0.20.0-10-g0535bb4 (webtiles) character file.

99475 Zwobot the Peltast (level 15, 150/150 HPs)
             Began as a Minotaur Fighter on June 4, 2017.
             Was the Champion of Makhleb.
             Quit the game on level 2 of the Orcish Mines.
             The game lasted 01:09:30 (22938 turns).

Zwobot the Peltast (Minotaur Fighter)              Turns: 22938, Time: 01:09:31

Health: 150/150    AC: 24    Str: 21    XL:     15   Next: 77%
Magic:  17/17      EV: 22    Int:  6    God:    Makhleb [******]
Gold:   15         SH: 16    Dex: 15    Spells: 14/14 levels left

rFire    + . .     SeeInvis .   (no weapon)
rCold    . . .     Gourm    .   c - +1 shield
rNeg     . . .     Faith    .   y - +1 plate armour {MR+}
rPois    .         Spirit   .   Z - +2 hat
rElec    +         Reflect  .   W - +1 cloak of Starlight {rElec rC+ EV+4 Stlth--}
rCorr    .         Harm     .   D - +0 pair of gloves
MR       ++...                  t - +0 pair of boots
Stlth    ..........             S - amulet of Vitality {Regen+ HP+15}
Regen    0.8/turn               o - +6 ring of evasion
MPRegen  0.2/turn               O - ring of fire

@: no status effects
A: retaliatory headbutt, hooves 1, horns 2, screaming 1
a: Minor Destruction, Lesser Servant of Makhleb, Major Destruction, Greater
Servant of Makhleb, Renounce Religion


You were on level 2 of the Orcish Mines.
You worshipped Makhleb.
Makhleb was exalted by your worship.
You were not hungry.

You visited 5 branches of the dungeon, and saw 23 of its levels.
You also visited: Ice Cave.

You collected 2345 gold pieces.
You spent 2330 gold pieces at shops.

Inventory:

Hand Weapons
 b - a +0 blowgun
 r - a +0 long sword of electrocution
 u - a +2 long sword of holy wrath
Missiles
 m - 5 throwing nets
 q - 5 steel javelins (quivered)
 s - 12 curare-tipped needles
 J - 5 javelins
 Q - 4 silver javelins
Armour
 c - a +1 shield (worn)
 t - a +0 pair of boots (worn)
 y - a +1 plate armour of magic resistance (worn)
 D - a +0 pair of gloves (worn)
 U - a scarf of repulsion
 W - the +1 cloak of Starlight (worn) {rElec rC+ EV+4 Stlth--}
   (You found it on level 6 of the Lair of Beasts)

   It affects your evasion (+4).
   It protects you from cold.
   It insulates you from electricity.
   It makes you much less stealthy.
 Z - a +2 hat (worn)
Jewellery
 o - a +6 ring of evasion (left hand)
 v - an uncursed amulet of rage
 E - an uncursed ring of positive energy
 F - an uncursed ring of protection from cold
 O - a ring of fire (right hand)
 S - the amulet of Vitality (around neck) {Regen+ HP+15}
   (You bought it in a shop on level 9 of the Dungeon)

   [amulet of regeneration]

   It affects your health (+15).
   It increases your rate of regeneration.
Wands
 d - a wand of lightning (7/15)
 g - a wand of flame (13/48)
 w - a wand of disintegration (11/24)
 B - a wand of confusion (14/48)
 I - a wand of iceblast (9/15)
 P - a wand of disintegration (17/24)
 R - a wand of iceblast (1/15)
 Y - a wand of confusion (28/48)
Scrolls
 e - a scroll of fear
 i - a scroll of blinking
 j - 4 scrolls of enchant armour
 l - 2 scrolls of recharging
 n - 8 scrolls of remove curse
 A - 4 scrolls of magic mapping
 H - a scroll of immolation
 K - 5 scrolls of teleportation
 M - 3 scrolls of enchant weapon
 N - 6 scrolls of fog
 X - a scroll of identify
Potions
 a - 2 potions of heal wounds
 k - 9 potions of curing
 x - 2 potions of magic
 C - a potion of resistance
 G - a potion of flight
 L - 4 potions of haste
 T - 2 potions of invisibility
 V - 2 potions of lignification
Comestibles
 f - 9 bread rations
 h - 3 fruits
 p - a meat ration
 z - 4 royal jellies


   Skills:
 + Level 13.0 Fighting
 - Level 16.0 Long Blades
 - Level 10.0 Throwing
 + Level 12.4 Armour
 + Level 9.9 Dodging
 - Level 16.9 Shields
 + Level 3.4 Invocations
 - Level 4.0 Evocations


You had 14 spell levels left.
You didn't know any spells.

Dungeon Overview and Level Annotations

Branches:
Dungeon (13/15)            Temple (1/1) D:5            Lair (6/6) D:10
 Shoals (0/4) Lair:3       Spider (0/4) Lair:4        Slime (0/5) Lair:5
    Orc (2/2) D:12            Elf (1/3) Orc:2        Vaults (0/5) D:13

Altars:
Ashenzari
Cheibriados
Dithmenos
Elyvilon
Fedhas
Gozag
Hepliaklqana
Kikubaaqudgha
Makhleb
Nemelex Xobeh
Okawaru
Qazlal
Ru
Sif Muna
Trog
Uskayaw
Vehumet
Xom
Yredelemnul
Zin
The Shining One
Jiyva

Shops:
D:4 [   D:9 =   D:10 !   Orc:2 [(?}


Innate Abilities, Weirdness & Mutations

You reflexively headbutt those who attack you in melee.
You have a pair of horns on your head.
You have large cloven feet.
You occasionally shout uncontrollably at your foes.


Message History

As you read the scroll of acquirement, it crumbles to dust. [a] Weapon [b] Armour [c] Jewellery [d] Book [e] Staff [f] Evocables [g] Food [h] Gold What kind of item would you like to acquire? (\ to view known items)
Something appears at your feet!
u - a glowing long sword Wield which item (- for none, * to show all)? (? for menu, Esc to quit)
Your +0 long sword of electrocution stops crackling.
Your +2 long sword of holy wrath softly glows with a divine radiance!
u - a +2 long sword of holy wrath (weapon)
Your +2 long sword of holy wrath stops glowing.
You are now empty-handed.
Drop what? 52/52 slots (_ for help) (? for menu, Esc to quit)
Okay, then.
(D) Dungeon (T) Temple (L) Lair (A) Shoals (N) Spider Nest (M) Slime Pits (O) Orcish Mines (E) Elven Halls (V) Vaults
Where to? (Enter - Orc:2 @ (x,y), ? - help)
Okay, then.
Are you sure you want to abandon this character and quit the game? (Confirm with "yes".)

#.......#..........[.............
.............))....[##...........
..<.....#......).#.[/[#.#........
.......#.."....))....[...........
#.....###......).(.).............
......##........).)..#...........
.......##.#....).................
......#######....................
....### ##.#@..........###.#.
..### ###..........###..#. ..#
##..........###..... .##
#........##.####..#. ##
#......∩.#...# ####.
#.∩..........## ##
#.......##....# # ##.......##..##
#........#...#


There were no monsters in sight!

Vanquished Creatures
  Kirke (Lair:5)
  A deep elf sorcerer (Elf:1)
  The ghost of Scuka the Severer, a journeyman MiFi of Okawaru (Orc:2)
  A deep elf death mage (Elf:1)
  Fannar (Lair:3)
  Harold (Lair:3)
  A catoblepas (Lair:6)
  7 hydras
  A death knight (D:11)
  A centaur warrior (D:12)
  2 ogre magi (Orc:2)
  2 dancing weapons
  14 two-headed ogres
  4 death yaks
  Urug (D:11)
  Sonja (D:11)
  5 deep elf knights (Elf:1)
  2 unseen horrors
  2 deep trolls (Orc:1)
  A wizard (D:9)
  5 deep elf archers (Elf:1)
  5 orc knights (Orc:1)
  4 necromancers
  13 deep elf magi
  A lindwurm (Lair:6)
  3 orc sorcerers (D:9)
  3 ugly things (D:13)
  2 cyclopes (Orc:2)
  24 elephants
  5 black mambas
  2 merfolk sirens (Lair:3)
  11 spiny frogs
  A gargoyle (D:13)
  An ice statue (IceCv)
  2 komodo dragons
  11 freezing wraiths
  2 kobold demonologists
  6 rime drakes
  4 tengu conjurers
  15 trolls
  2 merfolk (Lair:3)
  2 polar bears
  A wolf spider simulacrum (IceCv)
  7 blink frogs (Lair:6)
  10 slime creatures
  4 dream sheep (Lair:6)
  4 large abominations (Elf:1)
  8 hippogriffs
  A redback (Lair:4)
  Sigmund (D:5)
  A wyvern (D:11)
  17 yaks
  2 fire elementals (Elf:1)
  A hog (Lair:5)
  3 hungry ghosts
  A death yak simulacrum (IceCv)
  Grum (D:11)
  3 basilisks
  4 wargs
  Edmund (D:5)
  9 porcupines
  15 water moccasins
  An ice beast (shapeshifter) (D:13)
  21 orc warriors
  A swamp drake (Orc:2)
  A black bear (D:13)
  10 ice beasts
  A phantom (D:13)
  A sky beast (D:11)
  An eye of draining (D:9)
  A necrophage (D:12)
  2 boggarts (D:9)
  5 wolves
  26 ogres
  5 centaurs
  9 crocodiles
  4 big kobolds
  15 bullfrogs
  A gnoll sergeant (D:7)
  3 elf zombies (Elf:1)
  An earth elemental (Elf:1)
  A scorpion (D:9)
  5 killer bees (D:9)
  4 wights (D:10)
  4 electric eels
  4 howler monkeys
  8 crimson imps
  The ghost of removed the Sneak, a weakling DEAs (D:4)
  A centaur zombie (D:8)
  5 hounds
  2 quasits
  21 orc priests
  A bullfrog zombie (D:11)
  4 jellies
  3 bullfrog skeletons
  5 centaur skeletons
  An iron imp (Orc:2)
  A gnoll shaman (D:4)
  An iguana (D:9)
  18 orc wizards
  10 worker ants
  A hell rat (Lair:6)
  4 troll simulacra (IceCv)
  2 spriggan simulacra (IceCv)
  A polar bear simulacrum (IceCv)
  A wolf simulacrum (IceCv)
  5 centaur simulacra (IceCv)
  A hound zombie (D:8)
  11 gnolls
  17 adders
  5 naga simulacra (IceCv)
  4 ogre simulacra (IceCv)
  3 shadow imps
  25 white imps
  4 oozes
  6 adder skeletons
  An adder zombie (D:10)
  6 worms
  3 dart slugs
  4 leopard geckos
  72 orcs
  6 bats
  5 giant cockroaches
  4 goblins
  4 hobgoblins
  4 jackals (D:3)
  3 quokkas
  3 ball pythons
  8 frilled lizards
  28 kobolds
  A leopard gecko skeleton (D:5)
  A quokka zombie (D:5)
  4 rats
  A plant (Lair:1)
725 creatures vanquished.

Vanquished Creatures (others)
  3 humans (Lair:6)
  An ogre (Orc:2)
  2 centaurs (D:9)
  A shadow imp (Orc:2)
  An orc (Orc:2)
  2 kobolds (D:13)
  4 fungi
  16 plants
30 creatures vanquished.

Grand Total: 755 creatures vanquished

Notes
Turn   | Place    | Note
-------+----------+-------------------------------------------
     0 | D:1      | Zwobot the Minotaur Fighter began the quest for the Orb.
     0 | D:1      | Reached XP level 1. HP: 19/19 MP: 0/0
    81 | D:1      | Reached XP level 2. HP: 24/27 MP: 1/1
   544 | D:2      | Reached XP level 3. HP: 33/33 MP: 2/2
   943 | D:2      | Found an iron altar of Okawaru.
   946 | D:2      | Found a sparkling altar of Nemelex Xobeh.
   949 | D:2      | Found a bloodstained altar of Trog.
  1013 | D:2      | Reached XP level 4. HP: 37/41 MP: 3/3
  1054 | D:2      | Found a basalt altar of Yredelemnul.
  1159 | D:2      | Found a white marble altar of Elyvilon.
  1392 | D:3      | Found a burning altar of Makhleb.
  1393 | D:3      | Found a shimmering altar of Xom.
  1397 | D:3      | Reached XP level 5. HP: 47/47 MP: 4/4
  1401 | D:3      | Became a worshipper of Makhleb the Destroyer
  1467 | D:3      | Found a snail-covered altar of Cheibriados.
  1493 | D:3      | Noticed a centaur
  1508 | D:3      | Killed a centaur
  1508 | D:3      | Reached skill level 5 in Fighting
  1508 | D:3      | Reached skill level 5 in Long Blades
  1952 | D:4      | Reached XP level 6. HP: 53/56 MP: 5/5
  2228 | D:4      | Noticed removed's ghost (weakling DEAs)
  2260 | D:4      | Killed removed's ghost
  2260 | D:4      | Reached skill level 5 in Shields
  2337 | D:4      | Found an ancient bone altar of Kikubaaqudgha.
  2360 | D:4      | Reached * piety under Makhleb
  2372 | D:4      | Reached skill level 5 in Armour
  2851 | D:4      | Reached XP level 7. HP: 61/61 MP: 6/6
  2921 | D:4      | Found Esathaf's Antique Armour Shoppe.
  3006 | D:5      | Entered Level 5 of the Dungeon
  3049 | D:5      | Found a staircase to the Ecumenical Temple.
  3095 | Temple   | Entered the Ecumenical Temple
  3306 | D:5      | Noticed Sigmund
  3315 | D:5      | Killed Sigmund
  3315 | D:5      | Reached ** piety under Makhleb
  3315 | D:5      | Reached XP level 8. HP: 65/70 MP: 7/7
  3379 | D:4      | Bought a spiked ring mail for 171 gold pieces
  3389 | D:4      | Identified the +1 ring mail of Jaapas {Slay+2} (You bought it in a shop on level 4 of the Dungeon)
  3640 | D:5      | Noticed Edmund
  3649 | D:5      | Killed Edmund
  3649 | D:5      | Reached skill level 1 in Dodging
  3864 | D:6      | Found a bloodstained altar of Trog.
  4364 | D:7      | Reached XP level 9. HP: 65/79 MP: 8/8
  4650 | D:7      | Found an ancient bone altar of Kikubaaqudgha.
  4874 | D:8      | Noticed a two-headed ogre
  4878 | D:8      | Killed a two-headed ogre
  4878 | D:8      | Reached skill level 10 in Long Blades
  4883 | D:8      | Reached *** piety under Makhleb
  4914 | D:8      | Noticed a two-headed ogre
  4955 | D:8      | Killed a two-headed ogre
  5010 | D:8      | Reached XP level 10. HP: 54/89 MP: 9/9
  5174 | D:8      | Found a glowing golden altar of the Shining One.
  5548 | D:8      | Found a hazy altar of Hepliaklqana.
  5729 | D:9      | Killed an unseen horror
  5744 | D:9      | Found Weynutt's Jewellery Boutique.
  5938 | D:10     | Entered Level 10 of the Dungeon
  5938 | D:10     | Noticed a two-headed ogre
  5952 | D:10     | Killed a two-headed ogre
  5952 | D:10     | Reached skill level 5 in Dodging
  6126 | D:10     | Found Cuoch's Distillery.
  6138 | D:10     | Bought a potion of berserk rage for 75 gold pieces
  6138 | D:10     | Bought a potion of berserk rage for 75 gold pieces
  6138 | D:10     | Bought a potion of heal wounds for 75 gold pieces
  6138 | D:10     | Bought a potion of heal wounds for 75 gold pieces
  6452 | D:9      | Found a radiant altar of Vehumet.
  6465 | D:9      | Reached **** piety under Makhleb
  6522 | D:9      | Found a transporter.
  6544 | D:9      | Noticed a deep elf mage
  6546 | D:9      | Noticed a wizard
  6563 | D:9      | Noticed a soul eater
  6572 | D:9      | Killed a deep elf mage
  6578 | D:9      | Noticed a necromancer
  6579 | D:9      | Killed a wizard
  6585 | D:9      | Killed a necromancer
  6585 | D:9      | Reached XP level 11. HP: 97/97 MP: 3/10
  6592 | D:9      | Noticed an orc sorcerer
  6603 | D:9      | Noticed an orc sorcerer
  6604 | D:9      | Noticed a sixfirhy
  6605 | D:9      | Noticed a deep elf mage
  6610 | D:9      | Paralysed by an orc sorcerer for 5 turns
  6756 | D:9      | Noticed an orc sorcerer
  6767 | D:9      | Killed a deep elf mage
  6784 | D:9      | Killed an orc sorcerer
  6791 | D:9      | Killed an orc sorcerer
  6827 | D:9      | Killed an orc sorcerer
  6827 | D:9      | Reached skill level 10 in Fighting
  6977 | D:9      | Found a transporter.
  7262 | D:10     | Found a staircase to the Lair.
  7362 | D:11     | Noticed Urug
  7373 | D:11     | Killed Urug
  7779 | D:11     | Noticed Sonja
  7794 | D:11     | Killed Sonja
  7794 | D:11     | Reached skill level 1 in Evocations
  7948 | D:11     | Noticed Grum
  7995 | D:11     | Killed Grum
  8066 | D:11     | Killed an unseen horror
  8275 | D:11     | Noticed a death knight
  8744 | D:11     | Reached skill level 1 in Throwing
  9385 | D:11     | Killed a death knight
  9770 | D:12     | Reached XP level 12. HP: 97/107 MP: 14/14
  9779 | D:12     | Reached ***** piety under Makhleb
  9892 | D:12     | Found a staircase to the Orcish Mines.
  9971 | D:12     | Reached skill level 5 in Throwing
 10212 | D:12     | Reached skill level 10 in Shields
 10262 | D:12     | Reached skill level 10 in Armour
 10326 | D:12     | Noticed a centaur warrior
 10335 | D:12     | Killed a centaur warrior
 10734 | D:13     | Noticed a two-headed ogre
 10739 | D:13     | Killed a two-headed ogre
 10743 | D:13     | Found a frozen archway.
 10799 | IceCv    | Entered an ice cave
 11381 | IceCv    | Found an ancient bone altar of Kikubaaqudgha.
 11476 | IceCv    | Gained mutation: You occasionally shout uncontrollably at your foes. [potion of mutation]
 11476 | IceCv    | Gained mutation: You have large cloven feet. [potion of mutation]
 12279 | D:13     | Noticed a two-headed ogre
 12299 | D:13     | Killed a two-headed ogre
 12450 | D:13     | Reached ****** piety under Makhleb
 12522 | D:13     | Found a gate to the Vaults.
 12799 | D:12     | Reached XP level 13. HP: 116/116 MP: 15/15
 12918 | Lair:1   | Entered Level 1 of the Lair of Beasts
 14776 | Lair:3   | Noticed Fannar
 14804 | Lair:3   | Killed Fannar
 14837 | Lair:3   | Found a staircase to the Shoals.
 14914 | Lair:3   | Reached skill level 15 in Long Blades
 14948 | Lair:3   | Noticed Harold
 14968 | Lair:3   | Killed Harold
 15667 | Lair:4   | Found a hole to the Spider Nest.
 16651 | Lair:5   | Found a staircase to the Slime Pits.
 16651 | Lair:5   | Found a viscous altar of Jiyva.
 17140 | Lair:6   | Entered Level 6 of the Lair of Beasts
 17174 | Lair:6   | Noticed Kirke
 17201 | Lair:5   | Reached XP level 14. HP: 126/126 MP: 16/16
 17228 | Lair:5   | Killed Kirke
 17536 | Lair:6   | Reached skill level 10 in Throwing
 19222 | D:9      | Bought the amulet of Vitality {Regen+ HP+15} for 1027 gold pieces
 19316 | Orc:1    | Entered Level 1 of the Orcish Mines
 19448 | Orc:1    | Reached skill level 15 in Shields
 19837 | Orc:2    | Entered Level 2 of the Orcish Mines
 19839 | Orc:2    | Noticed Scuka's ghost (journeyman MiFi)
 20037 | Orc:2    | Killed Scuka's ghost
 20104 | Orc:2    | Reached XP level 15. HP: 133/133 MP: 17/17
 20334 | Orc:2    | Reached skill level 1 in Invocations
 20441 | Orc:2    | Found Ubli's Magic Scroll Shoppe.
 20445 | Orc:2    | Found Vuusuoty's Antique Armour Shoppe.
 20449 | Orc:2    | Found Sueromeu's Gadget Shop.
 20458 | Orc:2    | Found Vacvarut's Weapon Emporium.
 20544 | Orc:2    | Found a staircase to the Elven Halls.
 21006 | Elf:1    | Entered Level 1 of the Elven Halls
 22334 | Elf:1    | Noticed a deep elf sorcerer
 22348 | Elf:1    | Killed a deep elf sorcerer
 22930 | Orc:2    | Bought a scroll of acquirement for 832 gold pieces
 22938 | Orc:2    | Quit the game

Skill      XL: |  1  2  3  4  5  6  7  8  9 10 11 12 13 14 15 |
---------------+----------------------------------------------+-----
Long Blades    | 3 4 5 6 7 9 10 12 13 14 15 16 | 16.0
Fighting       | 4 5 6 7 8 9 10 11 12 13 | 13.0
Shields        | 4 5 6 7 8 9 11 16 | 16.9
Armour         | 4 5 6 8 9 10 11 12 | 12.4
Dodging        | 2 4 5 6 8 9 |  9.9
Evocations     | 4 |  4.0
Throwing       | 4 5 9 10 | 10.0
Invocations    | 3 |  3.4

Action                   |  1- 3 |  4- 6 |  7- 9 | 10-12 | 13-15 || total
-------------------------+-------+-------+-------+-------+-------++-------
Melee: Long sword        |    76 |   146 |   233 |   628 |   119 ||  1202
       Headbutt          |    13 |    20 |    63 |   245 |   478 ||   819
       Scimitar          |       |       |       |   343 |  1466 ||  1809
       Unarmed           |       |       |       |       |     2 ||     2
 Fire: Blowgun           |       |       |       |    12 |     3 ||    15
Throw: Javelin           |       |       |       |     6 |    53 ||    59
 Abil: Evoke Berserk Rag |       |       |       |       |     1 ||     1
Evoke: Wand              |       |       |       |     1 |    10 ||    11
  Use: Scroll            |     6 |     4 |     5 |    10 |     6 ||    31
       Potion            |       |       |     1 |    14 |     2 ||    17
  Eat: Chunk             |       |     7 |     6 |    10 |    24 ||    47
       Royal jelly       |       |       |     1 |     3 |     1 ||     5
       Fruit             |       |       |       |     9 |    13 ||    22
       Meat ration       |       |       |       |     1 |       ||     1
Armor: Scale mail        |    28 |    43 |     8 |       |       ||    79
       Chain mail        |       |       |    23 |   100 |       ||   123
       Plate armour      |       |       |       |   137 |   383 ||   520
Dodge: Dodged            |    28 |    50 |    67 |   346 |   808 ||  1299
       Deflected         |       |       |       |    10 |       ||    10
Block: Shield            |    38 |    83 |   151 |   669 |  1097 ||  2038
       Reflection        |       |       |     4 |    32 |     2 ||    38
       Rpst.: Long sword |     8 |    14 |    19 |    43 |    12 ||    96
       Scimitar          |       |       |       |    29 |   170 ||   199
